 Dungeon Crawl Stone Soup version 0.29-a0-334-gb41bcbb86e (webtiles) character file.

Game seed: 13906360125059621543

47 Segal the Sneak (level 3, -3/21 HPs)
             Began as a Kobold Brigand on Apr 14, 2022.
             Slain by an orc
             ... wielding a +0 flail
              (5 damage)
             ... on level 3 of the Dungeon.
             The game lasted 00:01:48 (1296 turns).

Segal the Sneak (Kobold Brigand)                    Turns: 1296, Time: 00:01:49

Health: -3/21      AC:  3    Str:  8    XL:     3   Next: 97%
Magic:  3/3        EV: 14    Int: 12    God:
Gold:   75         SH:  0    Dex: 18    Spells: 2/2 levels left

rFire   . . .      SeeInvis .   a - +2 dagger
rCold   . . .      Faith    .   (no shield)
rNeg    . . .      Spirit   .   b - +0 robe
rPois   .          Reflect  .   (no helmet)
rElec   .          Harm     .   c - +0 cloak
rCorr   .          Rampage  .   (no gloves)
Will    .....                   (no boots)
Stlth   ++++......              (no amulet)
HPRegen 0.07/turn               (no ring)
MPRegen 0.08/turn               (no ring)

@: no status effects
A: small, no large weapons, nightstalker 3
a: no special abilities


You were on level 3 of the Dungeon.
You visited 1 branch of the dungeon, and saw 3 of its levels.

You collected 75 gold pieces.

Inventory:

Hand Weapons
 a - a +2 dagger (weapon)
 k - a +0 rapier
   (You found it on level 1 of the Dungeon)
Missiles
 d - 15 poisoned darts (quivered)
 e - 3 curare-tipped darts {!f}
Armour
 b - a +0 robe (worn)
 c - a +0 cloak (worn)
Scrolls
 f - a scroll of torment {unknown}
 h - a scroll of fog {unknown}
 i - 2 scrolls of enchant weapon {unknown}
Potions
 g - a potion of curing {@q1}


   Skills:
 - Level 2.1 Fighting
 + Level 5.3 Short Blades
 - Level 2.1 Throwing
 - Level 1.2 Dodging
 - Level 5.3 Stealth


You had 2 spell levels left.
You didn't know any spells.
Your spell library contained the following spells:

 Spells                   Type           Power      Damage    Failure   Level
 Animate Skeleton         Necr           0%         N/A       32%         1
 Apportation              Tloc           0%         N/A       32%         1
 Summon Small Mammal      Summ           0%         N/A       32%         1


Dungeon Overview and Level Annotations

Branches:
Dungeon (2/15)

Altars:


Innate Abilities, Weirdness & Mutations

You are small and have problems with some larger weapons.
You are completely attuned to the shadows.


Message History

You barely miss the orc. The orc closely misses you.
Unknown command.
You hit the orc but do no damage.
It was a potion of ambrosia.
You are confused.
You feel invigorated. The orc completely misses you.
You hit the orc. The orc closely misses you.
Unknown command.
You bump into the closed door.
The orc barely misses you.
You miss the orc. The orc hits you with a +0 war axe.
Unknown command.
You bump into the rock wall.
The orc closely misses you.
Unknown command.
You bump into the rock wall.
The orc hits you with a +0 war axe.
Unknown command.
You hit the orc.
You kill the orc!
You feel less invigorated.
You feel less confused. The orc barely misses you.
Things that are here:
a +0 war axe; a +0 chain mail; an orc corpse Unknown command.
You hit the orc. The orc hits you with a +0 war axe!
You barely miss the orc. The orc misses you.
Unknown command.
You hit the orc. The orc misses you.
You hit the orc.
Unknown command.
You barely miss the orc. The orc barely misses you.
Unknown command.
You hit the orc.
You kill the orc!
You completely miss the orc. The orc closely misses you.
Unknown command.
You barely miss the orc. You hit the orc but do no damage. The orc misses you.
Unknown command.
You hit the orc but do no damage. The orc barely misses you.
Unknown command.
You closely miss the orc. You hit the orc. The orc misses you.
Unknown command.
You hit the orc but do no damage.
The orc priest calls down the wrath of Beogh upon you.
Beogh smites you!
Ouch! That really hurt!
* * * LOW HITPOINT WARNING * * *
The orc hits you with a +0 flail.
You die...

.......#
#.##.#.....
######.##
#.##.######
##..#####.##.#
#..........#.#
###'#.#####..#.#
###......#
#.....#######
.......#.#
#...###.....#.
##.....#.#
#...#.+..o.o.o
#.....#
#...#@#.....#
#.....#
##...#o#.....#
#.....+
......o.######
#.....
.##.........
##.....
.......####
....###
#.#.#...#
.......
#.#.#...#
....### ....#


You could see an orc priest and an orc.

Vanquished Creatures
  An adder (D:3)
  2 dart slugs (D:1)
  5 orcs
  A bat (D:3)
  2 endoplasms (D:1)
  2 giant cockroaches (D:1)
  2 hobgoblins (D:3)
  A quokka (D:1)
  5 frilled lizards
  4 kobolds (D:1)
  6 rats
31 creatures vanquished.

Notes
Turn   | Place    | Note
-------+----------+-------------------------------------------
     0 | D:1      | Segal the Kobold Brigand began the quest for the Orb.
     0 | D:1      | Reached XP level 1. HP: 12/12 MP: 1/1
   254 | D:1      | Reached XP level 2. HP: 17/17 MP: 2/2
   579 | D:1      | Reached XP level 3. HP: 21/21 MP: 3/3
   630 | D:1      | Found a faded altar of an unknown god.
  1059 | D:2      | You fall into a shaft and drop 1 floor!
  1087 | D:3      | Reached skill level 5 in Short Blades
  1264 | D:3      | HP: 1/21 [orc/+0 war axe (7)]
  1296 | D:3      | Slain by an orc

Illustrated notes

Levels and vault maps discovered:
D:1:      matt_arrival_refuge, layout_rooms,
          shapermc_ecumenical_altar_flowoftime
D:2:      layout_basic
D:3:      minmay_door_path, layout_basic, corexii_corridor_pit, uniq_terence

Skill      XL: |  1  2  3 |
---------------+----------+-----
Short Blades   | 3 4 5 |  5.3
Fighting       | |  2.1
Throwing       | |  2.1
Dodging        | |  1.2
Stealth        | |  5.3

Action                   || total
-------------------------++-------
Melee: Dagger            ||    84
       Punch             ||     1
  Use: Potion            ||     3
 Stab: Sleeping          ||    15
Armor: Robe              ||     3
Dodge: Dodged            ||    32

Table legend: (Time is in decaauts)
 A = Elapsed time spent in this place.
 B = Non-inter-level travel time spent in this place.
 C = Inter-level travel time spent in this place.
 D = Time resting spent in this place.
 E = Time spent auto-exploring this place.
 F = Levels seen in this place.
 G = Mean time per level.
                   A        B        C        D        E       F      G
               +--------+--------+--------+--------+--------+-----+--------+
         Total |   1276 |   1268 |      8 |      2 |   1023 |   3 |  425.3 |
       Dungeon |   1276 |   1268 |      8 |      2 |   1023 |   3 |  425.3 |
               +--------+--------+--------+--------+--------+-----+--------+

Top non-repeatable levels by time:
     D:1: 715 daAuts
     D:2: 336 daAuts
     D:3: 225 daAuts
